 Dungeon Crawl Stone Soup version 0.20-a0-9-g62d82d9 (webtiles) character file.

16395 GlassEater the Protected (level 12, -4/110 HPs)
             Began as a Hill Orc Fighter on Nov 2, 2016.
             Was a High Priest of Beogh.
             Slain by a snapping turtle (15 damage)
             ... on level 13 of the Dungeon.
             The game lasted 00:40:17 (13790 turns).

GlassEater the Protected (Hill Orc Fighter)        Turns: 13790, Time: 00:40:18

Health: -4/110     AC: 18    Str: 23    XL:     12   Next: 37%
Magic:  19/19      EV:  6    Int: 13    God:    Beogh [*****.]
Gold:   514        SH: 12    Dex: 13    Spells: 0 memorised, 11 levels left

rFire  + . .     SeeInvis .     H - +0 war axe
rCold  . . .     Gourm    .     k - +0 plate armour
rNeg   . . .     Faith    .     c - +0 shield
rPois  .         Spirit   .     E - +0 helmet {Int+3}
rElec  .         Reflect  .     (no cloak)
rCorr  .         Harm     .     r - +0 pair of gloves
MR     .....                    (no boots)
Stlth  ..........               (no amulet)
                                F - +2 ring of strength
                                s - ring of protection from fire

@: no status effects
A: walk on water, clever 1
a: Smiting, Recall Orcish Followers, Give Item to Named Follower, Renounce
Religion


You were on level 13 of the Dungeon.
You worshipped Beogh.
Beogh was extremely pleased with you.
You were not hungry.

You visited 1 branch of the dungeon, and saw 13 of its levels.

You collected 629 gold pieces.
You spent 115 gold pieces at shops.

Inventory:

Hand Weapons
 H - a +0 war axe (weapon)
 J - a +1 hand axe of electrocution
Missiles
 l - 7 javelins (quivered)
 m - 4 throwing nets
 u - 21 tomahawks
 D - 4 poisoned javelins
Armour
 c - a +0 shield (worn)
 k - a +0 plate armour (worn)
 r - a +0 pair of gloves (worn)
 E - a +0 helmet of intelligence (worn)
Jewellery
 s - a ring of protection from fire (left hand)
 F - a +2 ring of strength (right hand)
 G - an uncursed ring of positive energy
Wands
 v - a wand of paralysis (11/24)
 w - a wand of acid (9/15)
 x - a wand of flame (20/48)
 y - a wand of disintegration (12/24)
 C - a wand of digging (15/24)
 I - a wand of confusion (48/48)
 K - a wand of iceblast (7/15)
 N - a wand of polymorph (13/24)
 O - a wand of enslavement (4/24)
 Q - a wand of iceblast (4/15)
 S - a wand of iceblast (9/15)
Scrolls
 b - 4 scrolls of remove curse
 d - 3 scrolls of fog
 h - 4 scrolls of teleportation
 i - 2 scrolls of recharging
 p - 2 scrolls of amnesia
 L - a scroll of holy word {unknown}
 M - 3 scrolls of enchant armour {unknown}
 R - 2 scrolls of blinking
 T - a scroll of identify
Potions
 a - 2 potions of flight
 e - 3 potions of cancellation
 g - 2 potions of magic
 j - 2 potions of agility
 n - 2 potions of brilliance
 o - 3 potions of curing
 t - a potion of haste
 z - 2 potions of lignification
 P - a potion of berserk rage {unknown}
 V - a potion of ambrosia {unknown}
Comestibles
 f - 14 bread rations
 q - 4 meat rations
 A - 7 beef jerkies
 B - 11 slices of pizza


   Skills:
 + Level 11.2 Fighting
 + Level 11.2(11.3) Axes
   Level 2.5(6.5) Maces & Flails
 + Level 11.4 Armour
 + Level 10.3 Shields
 + Level 9.7 Invocations


You had 11 spell levels left.
You didn't know any spells.

Dungeon Overview and Level Annotations

Branches:
Dungeon (13/15)            Temple (0/1) D:5            Lair (0/6) D:9
    Orc (0/2) D:12
 Vaults: D:13-14

Altars:
Elyvilon
Nemelex Xobeh
Vehumet
Xom
Zin

Shops:
D:5 [   D:8 (   D:9 *

Annotations:
D:4 Blork the orc


Innate Abilities, Weirdness & Mutations

You can walk on water.
Your mind is acute. (Int +2)


Message History

The snapping turtle bites you but does no damage.
Your orc knight roars a battlecry!
An electric eel comes into view.
The electric eel shoots out a bolt of lightning at you!
The bolt of electricity hits you!
* * * LOW HITPOINT WARNING * * *
The bolt of electricity hits you!
* * * LOW HITPOINT WARNING * * *
Found a mace.
You block the snapping turtle's attack.
You feel better. You block the snapping turtle's attack.
Olfrun roars a battlecry!
The electric eel shoots out a bolt of lightning at you!
The bolt of electricity hits you!
* * * LOW HITPOINT WARNING * * *
The snapping turtle bites you.
* * * LOW HITPOINT WARNING * * *
You feel better. You block the snapping turtle's attack.
The snapping turtle bites you!
You die...

P.♣..≈≈≈≈)## #o##
≈..♣..≈≈≈≈≈≈. ..#####.##
≈≈...≈≈≈≈≈≈; ..........
≈≈≈≈≈≈≈≈≈≈≈ #).####.##
≈≈≈≈≈≈≈≈≈≈# #..# #.##
≈≈≈≈≈≈≈ #≈## #..####.#
#≈≈≈≈≈≈###;# ..... ..#
.≈≈≈≈≈≈≈#t≈## #..# ###
≈≈≈≈#≈≈≈≈@≈######o.#
##≈≈≈≈≈≈≈#oo.....#
#≈≈≈≈≈≈≈≈##....†.#
#≈≈≈≈##≈≈oo..([(.#######
≈≈≈≈≈≈≈###≈#....#.........
≈≈≈≈≈.≈≈ ###......########
≈≈≈≈≈≈≈≈≈ ##.#####
.≈≈≈≈≈≈≈≈ #.# .≈##≈≈≈ ##.#


You could see a snapping turtle, an electric eel and the friendly Olfrun the orc
knight.

Vanquished Creatures
  2 hydras
  The ghost of mamga the Martial Artist, a novice KoAr of Yredelemnul (D:8)
  2 hill giants
  A hornet (D:9)
  Grinder (D:3)
  A snapping turtle (D:13)
  A hippogriff (D:8)
  Sigmund (D:4)
  A basilisk (D:12)
  2 hogs (D:9)
  9 yaks
  A wyvern (D:9)
  A steam dragon (D:10)
  A mottled dragon (D:11)
  A soldier ant (D:9)
  Duvessa (D:7)
  A water moccasin (D:10)
  4 ice beasts
  3 orc warriors
  3 ogres
  3 centaurs
  9 bullfrogs
  2 gnoll sergeants
  Dowan (D:7)
  3 scorpions
  11 killer bees
  A wight (D:11)
  5 howler monkeys
  2 crimson imps
  2 quasits (D:10)
  2 bullfrog skeletons
  8 hounds
  2 jellies
  3 orc priests
  2 centaur skeletons
  Jessica (D:3)
  Terence (D:3)
  2 iguanas
  4 orc wizards
  4 worker ants
  A hound skeleton (D:8)
  A worker ant zombie (D:5)
  A howler monkey zombie (D:7)
  13 gnolls
  A howler monkey skeleton (D:10)
  12 adders
  A hound simulacrum (D:9)
  2 shadow imps (D:6)
  A worker ant simulacrum (D:9)
  2 ufetubi (D:9)
  An adder zombie (D:6)
  2 oozes
  6 leopard geckos
  26 orcs
  11 bats
  4 giant cockroaches
  4 goblins
  4 hobgoblins (D:1)
  15 jackals
  12 kobolds
  4 quokkas
  2 ball pythons
  6 frilled lizards
  A leopard gecko skeleton (D:8)
  A leopard gecko zombie (D:5)
  8 rats
  A fungus (D:9)
  A plant (D:9)
250 creatures vanquished.

Vanquished Creatures (collateral kills)
  2 hydras (D:12)
  A deep elf mage (D:13)
  A hill giant (D:12)
  2 ugly things
  A manticore (D:10)
  2 cyclopes
  A gargoyle (D:10)
  A polar bear (D:9)
  2 two-headed ogres (D:11)
  Prince Ribbit (D:9)
  A snapping turtle (D:13)
  A wraith (D:10)
  9 yaks
  A hog (D:9)
  A human (D:9)
  5 orc warriors
  A sky beast (D:11)
  2 ice beasts (D:9)
  2 ogres (D:10)
  A wolf (D:9)
  2 centaurs
  3 bullfrogs
  A scorpion (D:9)
  7 killer bees
  2 electric eels (D:9)
  2 wights (D:11)
  5 howler monkeys
  3 crimson imps
  A bullfrog zombie (D:11)
  2 hounds (D:12)
  3 jellies
  3 orc wizards
  A hound skeleton (D:11)
  3 gnolls (D:11)
  An adder (D:11)
  An ufetubus (D:9)
  9 orcs
  2 bats (D:9)
  A giant cockroach (D:8)
  A quokka skeleton (D:8)
  A fungus (D:9)
92 creatures vanquished.

Vanquished Creatures (others)
  3 orc priests
  2 orc warriors
  A centaur zombie (D:10)
  4 orc wizards
  A leopard gecko (D:3)
  28 orcs
  A goblin (D:3)
  A hobgoblin (D:3)
  4 jackals (D:3)
  3 bats (D:3)
  3 frilled lizards (D:3)
  A kobold (D:3)
  A rat (D:3)
  4 fungi (D:9)
  A plant (D:9)
58 creatures vanquished.

Grand Total: 400 creatures vanquished

Notes
Turn   | Place    | Note
-------+----------+-------------------------------------------
     0 | D:1      | GlassEater the Hill Orc Fighter began the quest for the Orb.
     0 | D:1      | Reached XP level 1. HP: 19/19 MP: 1/1
   129 | D:1      | Reached XP level 2. HP: 26/27 MP: 2/2
   664 | D:1      | Reached XP level 3. HP: 31/33 MP: 3/3
  1228 | D:2      | Found a shimmering altar of Xom.
  1905 | D:3      | Reached XP level 4. HP: 41/41 MP: 4/4
  2012 | D:3      | Became a worshipper of Beogh the Brigand
  2250 | D:3      | Noticed Jessica
  2258 | D:3      | Killed Jessica
  2266 | D:3      | Reached skill level 1 in Axes
  2305 | D:3      | Reached XP level 5. HP: 44/47 MP: 5/5
  2392 | D:3      | Noticed Terence
  2407 | D:3      | Killed Terence
  2436 | D:3      | Noticed Grinder
  2440 | D:3      | Paralysed by Grinder for 4 turns
  2458 | D:3      | Paralysed by Grinder for 3 turns
  2473 | D:3      | Paralysed by Grinder for 2 turns
  2485 | D:3      | Killed Grinder
  2485 | D:3      | Reached skill level 5 in Fighting
  2485 | D:3      | Reached skill level 5 in Armour
  2485 | D:3      | Reached XP level 6. HP: 9/56 MP: 6/6
  2896 | D:4      | Reached XP level 7. HP: 11/61 MP: 7/7
  2900 | D:4      | Reached * piety under Beogh
  3384 | D:4      | Noticed Blork the orc
  3401 | D:4      | Noticed Sigmund
  3432 | D:5      | Entered Level 5 of the Dungeon
  3441 | D:5      | Reached skill level 5 in Shields
  3667 | D:5      | Found a staircase to the Ecumenical Temple.
  3731 | D:5      | Found Kogiklumao's Armour Shop.
  3734 | D:5      | Bought a +0 helmet of intelligence for 115 gold pieces
  4445 | D:4      | Killed Sigmund
  4445 | D:4      | Reached XP level 8. HP: 68/70 MP: 8/8
  4761 | D:6      | Reached ** piety under Beogh
  5164 | D:6      | Reached skill level 5 in Axes
  5590 | D:6      | Gained mutation: Your mind is acute. (Int +2) [potion of beneficial mutation]
  6157 | D:7      | Noticed Duvessa
  6157 | D:7      | Noticed Dowan
  6179 | D:7      | Killed Duvessa
  6179 | D:7      | Reached skill level 1 in Invocations
  6179 | D:7      | Reached XP level 9. HP: 79/79 MP: 8/10
  6192 | D:7      | Killed Dowan
  6375 | D:7      | Reached *** piety under Beogh
  7790 | D:8      | Noticed mamga's ghost (novice KoAr)
  7803 | D:8      | Killed mamga's ghost
  7803 | D:8      | Reached XP level 10. HP: 64/90 MP: 13/13
  7931 | D:8      | Found Zadgha's Weapon Shoppe.
  8013 | D:8      | Reached skill level 5 in Invocations
  8778 | D:9      | Reached **** piety under Beogh
  8961 | D:9      | Found Zin's Purification Station.
  8964 | D:9      | Found a glowing silver altar of Zin.
  9053 | D:9      | Noticed a cyclops
  9058 | D:9      | Noticed Prince Ribbit
  9064 | D:9      | Killed a cyclops
  9480 | D:9      | Found a sparkling altar of Nemelex Xobeh.
  9481 | D:9      | Found a radiant altar of Vehumet.
  9541 | D:9      | Killed Prince Ribbit
  9587 | D:9      | Found a staircase to the Lair.
  9706 | D:9      | Paralysed by a hornet for 3 turns
  9765 | D:9      | Reached skill level 10 in Armour
 10077 | D:10     | Entered Level 10 of the Dungeon
 10179 | D:10     | Reached XP level 11. HP: 99/99 MP: 16/16
 10187 | D:10     | Noticed a manticore
 10207 | D:10     | Killed a manticore
 10481 | D:10     | Reached skill level 10 in Fighting
 10531 | D:10     | Gained Olfrun as an ally
 10711 | D:10     | Reached ***** piety under Beogh
 10847 | D:10     | Noticed a hill giant
 10857 | D:10     | Killed a hill giant
 11056 | D:10     | Identified the Handbook of Mutagenic Sinister Magic
 11173 | D:10     | Reached skill level 10 in Axes
 11573 | D:11     | Noticed a green ugly thing
 11581 | D:11     | Killed a green ugly thing
 11790 | D:11     | Noticed a four-headed hydra
 11795 | D:11     | Killed a four-headed hydra
 12605 | D:12     | Found a white marble altar of Elyvilon.
 12625 | D:12     | Found a staircase to the Orcish Mines.
 12631 | D:12     | Noticed a six-headed hydra
 12636 | D:12     | Killed a six-headed hydra
 12636 | D:12     | Gained Orgrim as an ally
 12636 | D:12     | Reached XP level 12. HP: 104/108 MP: 11/18
 12885 | D:12     | Noticed a five-headed hydra
 12888 | D:12     | Noticed a seven-headed hydra
 12891 | D:12     | Killed a five-headed hydra
 12891 | D:12     | Reached skill level 10 in Shields
 12895 | D:12     | Killed an eight-headed hydra
 13788 | D:13     | HP: 4/110 [snapping turtle (4)]
 13790 | D:13     | Slain by a snapping turtle

Vault maps used:
D:1:      nicolae_arrival_somewhat_less_tricky_arrival
D:2:      tgw_xom
D:3:      serial_corexii_hall, corexii_hall_statues_s, corexii_hall_statues_i,
          minmay_misc_feat_alley, grunt_ministairs_1,
          hangedman_abyss_or_decor_stabs, uniq_terence, uniq_grinder,
          uniq_jessica
D:4:      first_bread, uniq_blork_the_orc, uniq_sigmund
D:5:      serial_shops, kennysheep_mini_moat
D:7:      uniq_duvessa
D:8:      serial_shops, shop
D:9:      gammafunk_temple_overflow_statue, zin_purify,
          due_lair_maze_entry_diamond, serial_ice, serial_ice_n, serial_ice_h,
          serial_ice_j, serial_ice_a, grunt_livestock, uniq_prince_ribbit1
D:12:     basic_altar
D:13:     wad_bat_island, nrook_mini_backslash

Skill      XL: |  1  2  3  4  5  6  7  8  9 10 11 12 |
---------------+-------------------------------------+-----
Fighting       | 4 5 6 7 8 9 10 11 | 11.2
Armour         | 4 5 7 8 9 10 11 | 11.4
Shields        | 4 5 6 7 8 9 10 | 10.3
Axes           | 1 2 3 4 5 7 9 10 11 | 11.2
Invocations    | 1 4 6 9 |  9.7
Maces & Flails | |  2.5

Action                   |  1- 3 |  4- 6 |  7- 9 | 10-12 || total
-------------------------+-------+-------+-------+-------++-------
Melee: Flail             |   106 |       |       |       ||   106
       Hand axe          |   130 |   158 |   156 |       ||   444
       War axe           |       |       |   340 |   449 ||   789
Throw: Javelin           |       |       |     1 |       ||     1
Invok: Convert to Beogh  |       |     1 |       |       ||     1
       Smiting           |       |       |       |    12 ||    12
       Recall Orcish Fol |       |       |       |     1 ||     1
  Use: Scroll            |     2 |       |    17 |     4 ||    23
       Potion            |       |       |     2 |     4 ||     6
 Stab: Distracted        |       |       |     1 |       ||     1
       Confused          |       |       |       |     1 ||     1
  Eat: Chunk             |     3 |     3 |    18 |    18 ||    42
       Pizza             |       |       |       |     1 ||     1
Armor: Scale mail        |    22 |       |       |       ||    22
       Plate armour      |   168 |   137 |   389 |   284 ||   978
Dodge: Dodged            |    52 |    39 |   102 |   134 ||   327
Block: Shield            |   146 |    98 |   327 |   345 ||   916
